 Dungeon Crawl Stone Soup version 0.29.1-13-g9f3cf754e1 (webtiles) character file.

Game seed: 6513611885634047017

5324 nickcage the Martial Artist (level 10, -29/67 HPs)
             Began as an Octopode Transmuter on Jan 30, 2023.
             Was a Follower of Hepliaklqana.
             Annihilated by a komodo dragon (30 damage)
             ... on level 8 of the Dungeon.
             The game lasted 00:40:27 (13394 turns).

nickcage the Martial Artist (Octopode Transmuter)  Turns: 13394, Time: 00:40:28

Health: -29/67     AC:  4    Str: 10    XL:     10   Next: 64%
Magic:  15/17      EV: 10    Int: 19    God:    Hepliaklqana [*.....]
Gold:   353        SH:  0    Dex: 13    Spells: 6/18 levels left

rFire   x . .      SeeInvis .     - Unarmed
rCold   + + +      Faith    .   (shield currently unavailable)
rNeg    . . .      Spirit   .   (helmet currently unavailable)
rPois   +          Reflect  .   c - amulet of the acrobat
rElec   .          Harm     .   j - ring of resist corrosion
rCorr   +          Rampage  .   (no ring)
Will    .....                   (no ring)
Stlth   +.........              (no ring)
HPRegen 0.21/turn               (no ring)
MPRegen 0.15/turn               (no ring)
                                (no ring)
                                (no ring)

@: ice-form, corroded
A: freezing attack, boosted hp, reduced essence, almost no armour, amphibious, 8
rings, large, (camouflage 1), (gelatinous body 1), (nimble swimmer 1),
(tentacles)
a: End Transformation, Renounce Religion, Recall Ancestor, Ancestor Identity


You were on level 8 of the Dungeon.
You worshipped Hepliaklqana.
Hepliaklqana was aware of your devotion.
You were a creature of crystalline ice.
You visited 2 branches of the dungeon, and saw 9 of its levels.
You also visited: Sewer and Ossuary.

You collected 353 gold pieces.

Inventory:

Hand Weapons
 b - a +2 dagger of draining
 k - the +6 trident of the Hungering Stork {venom, rPois rCorr Dex-5}
   (You found it on level 2 of the Dungeon)

   It poisons the flesh of those it strikes.
   Dex:       It affects your dexterity (-5).
   rPois:     It protects you from poison.
   rCorr:     It protects you from acid and corrosion.
 A - the +4 war axe of Instant Death (melded) {vorpal, rPois}
   (You found it on level 6 of the Dungeon)

   It inflicts extra damage upon your enemies.
   rPois:     It protects you from poison.
Missiles
 o - 21 poisoned darts
Jewellery
 c - an amulet of the acrobat (around neck)
 j - a ring of resist corrosion (left front paw)
Wands
 l - a wand of mindburst (11)
 n - a wand of acid (10)
Scrolls
 d - 5 scrolls of identify
 e - a scroll of blinking
 m - 2 scrolls of amnesia
 s - 4 scrolls of teleportation
 t - a scroll of summoning {unknown}
 u - 2 scrolls of vulnerability
 w - a scroll of silence
 x - 3 scrolls of butterflies
 y - a scroll of enchant weapon {unknown}
 z - 2 scrolls of enchant armour {unknown}
 D - a scroll of torment {unknown}
Potions
 a - a potion of lignification
 f - 4 potions of curing
 g - a potion of invisibility
 h - 4 potions of haste
 i - 3 potions of heal wounds
 p - 2 potions of might {unknown}
 q - 3 potions of mutation
 r - 3 potions of berserk rage {unknown}
 v - a potion of flight {unknown}
 B - 2 potions of brilliance {unknown}
 C - a potion of attraction {unknown}
 E - 2 potions of cancellation {unknown}
 F - a potion of magic {unknown}


   Skills:
 - Level 4.0 Fighting
 - Level 2.0 Dodging
 + Level 10.2 Unarmed Combat
 + Level 4.8 Spellcasting
 + Level 0.1 Conjurations
 * Level 9.6 Transmutations
 - Level 3.0 Ice Magic
 - Level 3.0 Poison Magic


You had 6 spell levels left.
You knew the following spells:

 Your Spells              Type           Power      Damage    Failure   Level
a - Shock                 Conj/Air       16%        1d4       12%         1
b - Spider Form           Tmut/Pois      28%        N/A       2%          3
c - Ice Form              Ice/Tmut       28%        N/A       10%         4
d - Passwall              Tmut/Erth      18%        N/A       2%          2
e - Ensorcelled Hibernat  Hex/Ice        20%        N/A       11%         2

Your spell library contained the following spells:

 Spells                   Type           Power      Damage    Failure   Level
 Beastly Appendage        Tmut           82%        N/A       1%          1
 Wereblood                Tmut           41%        N/A       1%          2
 Blade Hands              Tmut           20%        N/A       7%          5
 Ozocubu's Armour         Ice            16%        N/A       11%         3
 Dazzling Flash           Conj/Hex       8%         N/A       36%         3
 Portal Projectile        Hex/Tloc       8%         N/A       36%         3
 Swiftness                Air            4%         N/A       36%         3
 Tukima's Dance           Hex            4%         N/A       36%         3
 Airstrike                Air            2%         2d(1-17)  77%         4
 Iskenderun's Mystic Bla  Conj/Tloc      4%         2d3       77%         4
 Metabolic Englaciation   Hex/Ice        5%         N/A       88%         5
 Simulacrum               Ice/Necr       5%         N/A       100%        6
 Starburst                Conj/Fire      2%         6d3       100%        6
 Ozocubu's Refrigeration  Ice            8%         4d9       100%        7


Dungeon Overview and Level Annotations

Branches:
Dungeon (8/15)             Temple (1/1) D:6            Lair (0/5) D:8
  Sewer (visited)         Ossuary (visited)

Altars:
Ashenzari
Cheibriados
Dithmenos
Elyvilon
Fedhas
Gozag
Hepliaklqana
Kikubaaqudgha
Makhleb
Qazlal
Sif Muna
Trog
Wu Jian
Xom
Yredelemnul
Zin
The Shining One

Shops:
D:3 *   D:5 ([


Innate Abilities, Weirdness & Mutations

You are a creature of crystalline ice.
You have a powerful freezing melee attack.
Your maximum health is increased.
Your armour is entirely melded.
You are incapable of wielding weapons or throwing items.
Your life essence is reduced to manifest your ancestor. (-10% HP)
You cannot wear most types of armour.
You are amphibious.
You can wear up to eight rings at the same time.
((Your skin changes colour to match your surroundings (Stealth+).))
((Your rubbery body absorbs attacks. (AC +1, EV +1)))
((You are camouflaged when in or above water. (Stealth+)))
((You have tentacles for arms and can constrict up to eight enemies at once.))


Message History

You punch the basilisk!
The basilisk seems to slow down.
You freeze the basilisk.
The basilisk is heavily wounded.
You hit the basilisk.
The basilisk seems to slow down.
You freeze the basilisk.
The basilisk is severely wounded.
The basilisk bites you. The basilisk closely misses you.
You punch the basilisk!
The basilisk seems to slow down.
You freeze the basilisk.
You kill the basilisk!
Bojana barely misses the basilisk.
The basilisk gazes at you. You resist with some effort.
You pummel the basilisk!!
The basilisk seems to slow down.
You freeze the basilisk!
The basilisk is severely wounded.
Bojana misses the basilisk.
The basilisk bites you.
You are too injured to fight recklessly!
You are too injured to fight recklessly!
You hit the basilisk. You freeze the basilisk.
You kill the basilisk!
The komodo dragon barely misses Bojana.
Bojana barely misses the komodo dragon.
The komodo dragon completely misses you.
You hit the komodo dragon.
The komodo dragon seems to slow down.
You freeze the komodo dragon.
The komodo dragon is lightly wounded.
Bojana hits the komodo dragon.
You hit the komodo dragon but do no damage.
The komodo dragon is lightly wounded.
The komodo dragon bites you!!
* * * LOW HITPOINT WARNING * * *
You punch the komodo dragon!
The komodo dragon seems to slow down.
You freeze the komodo dragon.
The komodo dragon is severely wounded.
Bojana hits the komodo dragon but does no damage.
You catch the helpless komodo dragon completely off-guard!
You hit the komodo dragon but do no damage.
The komodo dragon is severely wounded.
Bojana hits the komodo dragon.
The komodo dragon bites you!!
You die...

####.####.....#.....>..# .....#
#########.##.### ###### ####
####### ****** ###.######..###
*##).# *,,,,**
........###.#.####..####****,,*
..###........###..#....#**,,,***
###
###..........#...##..,*,*+,**
*######...lR.†......*,***,,*
*,***#.#...Y........,** *,**
**,,..###....#.....#,,*****
*,,###* #####..##...*,,>* *,**
*.##*,##*,*** *** *## *** ***


You could see the friendly Bojana the ancestor and a komodo dragon (slow, ally
target).

Vanquished Creatures
  Pikel (D:8)
  A komodo dragon (D:8)
  Prince Ribbit (D:8)
  A wyvern (D:7)
  2 basilisks (D:8)
  A steam dragon (D:8)
  Menkaure (D:7)
  An acid dragon (D:8)
  3 water moccasins
  An ice beast (D:7)
  An ogre (D:7)
  A lemure (D:8)
  5 kobold brigands (Sewer)
  A phantom (D:4)
  A gnoll sergeant (D:6)
  3 bullfrogs (D:7)
  4 elf zombies (Ossuary)
  5 scorpions
  4 killer bees (D:8)
  2 howler monkeys
  4 crimson imps (D:7)
  4 centaur zombies (Ossuary)
  4 human zombies (Ossuary)
  3 orc priests
  A hound (D:5)
  3 jellies
  A gnoll bouda (D:8)
  4 iguanas
  6 orc wizards
  3 mummies (Ossuary)
  Robin (D:3)
  19 adders
  13 gnolls
  4 river rats
  A shadow imp (D:7)
  A white imp (D:8)
  An ufetubus (D:4)
  9 worms
  5 dart slugs
  24 orcs
  5 endoplasms
  8 giant cockroaches
  17 goblins
  3 hobgoblins (D:3)
  6 jackals
  4 quokkas
  12 ball pythons
  9 bats
  4 frilled lizards
  8 kobolds
  8 rats
235 creatures vanquished.

Vanquished Creatures (collateral kills)
  A hornet (D:8)
  A killer bee (D:8)
  An orc wizard (D:8)
  2 orcs (D:8)
5 creatures vanquished.

Vanquished Creatures (others)
  2 ancestors (D:8)
  A goblin (D:3)
  5 fungi (D:6)
8 creatures vanquished.

Grand Total: 248 creatures vanquished

Notes
Turn   | Place    | Note
-------+----------+-------------------------------------------
     0 | D:1      | nickcage the Octopode Transmuter began the quest for the
                  | Orb.
     0 | D:1      | Reached XP level 1. HP: 13/13 MP: 3/3
   248 | D:1      | Found a faded altar of an unknown god.
   647 | D:1      | Reached XP level 2. HP: 18/18 MP: 3/5
   795 | D:2      | Identified the +6 trident of the Hungering Stork {venom,
                  | rPois rCorr Dex-5}
   890 | D:2      | Found a shimmering altar of Xom.
  1273 | D:2      | Reached XP level 3. HP: 21/23 MP: 3/6
  1277 | D:2      | Learned a level 3 spell: Spider Form
  1907 | D:3      | Found Zin's Purification Station.
  1909 | D:3      | Found a glowing silver altar of Zin.
  2059 | D:3      | Found a glowing drain.
  2068 | D:3      | Reached skill level 1 in Poison Magic
  2068 | D:3      | Reached XP level 4. HP: 25/28 MP: 6/8
  2074 | Sewer    | Entered a sewer
  2296 | Sewer    | Noticed a kobold brigand
  2310 | Sewer    | Killed a kobold brigand
  2311 | Sewer    | Reached XP level 5. HP: 12/33 MP: 7/9
  2534 | Sewer    | Noticed a kobold brigand
  2556 | Sewer    | Killed a kobold brigand
  2557 | Sewer    | Reached XP level 6. HP: 3/38 MP: 5/10
  3036 | Sewer    | Reached skill level 5 in Transmutations
  3587 | Sewer    | Reached XP level 7. HP: 43/43 MP: 9/11
  4123 | D:3      | Found a glowing golden altar of the Shining One.
  4769 | D:3      | Learned a level 4 spell: Ice Form
  4780 | D:3      | Noticed Robin
  4809 | D:3      | Killed Robin
  5960 | D:4      | Found a snail-covered altar of Cheibriados.
  6295 | D:4      | Reached skill level 1 in Ice Magic
  6365 | D:4      | Reached XP level 8. HP: 50/50 MP: 8/12
  6657 | D:5      | Entered Level 5 of the Dungeon
  6811 | D:5      | Reached skill level 4 in Unarmed Combat
  6884 | D:5      | Found Ruatamopp's Antique Armour Emporium.
  6903 | D:5      | HP: 2/50 [orc priest/divine providence (9)]
  8149 | D:5      | Found Uclassapid's Weapon Boutique.
  8284 | D:6      | Learned a level 1 spell: Shock
  8752 | D:6      | Identified the +4 war axe of Instant Death {vorpal, rPois}
  8840 | D:6      | Found a staircase to the Ecumenical Temple.
  8864 | Temple   | Entered the Ecumenical Temple
  8985 | Temple   | Became a worshipper of Hepliaklqana the Forgotten
  9011 | D:6      | Found a basalt altar of Yredelemnul.
  9138 | D:6      | Reached skill level 5 in Unarmed Combat
  9568 | D:6      | Reached XP level 9. HP: 41/57 MP: 10/14
 10979 | D:7      | Learned a level 2 spell: Passwall
 10982 | D:7      | Learned a level 2 spell: Ensorcelled Hibernation
 11003 | D:7      | Found a shimmering altar of Xom.
 11016 | D:7      | Reached skill level 6 in Unarmed Combat
 11065 | D:7      | HP: 2/58 [poisoned by a water moccasin]
 11347 | D:7      | Noticed Menkaure
 11356 | D:7      | Killed Menkaure
 11381 | D:7      | Reached skill level 7 in Unarmed Combat
 11618 | D:7      | Found a bloodstained altar of Trog.
 11911 | D:8      | Noticed Prince Ribbit
 11928 | D:8      | Killed Prince Ribbit
 12009 | D:8      | Found a sand-covered staircase.
 12022 | Ossuary  | Entered an ossuary
 12118 | Ossuary  | Reached skill level 8 in Unarmed Combat
 12292 | Ossuary  | Reached XP level 10. HP: 38/63 MP: 13/16
 12554 | D:8      | Reached * piety under Hepliaklqana
 12584 | D:8      | HP: 2/67 [hornet (9)]
 12643 | D:8      | Reached skill level 9 in Unarmed Combat
 13024 | D:8      | Noticed Pikel
 13039 | D:8      | Killed Pikel
 13291 | D:8      | Reached skill level 10 in Unarmed Combat
 13392 | D:8      | HP: 1/67 [komodo dragon (31)]
 13394 | D:8      | Annihilated by a komodo dragon

Illustrated notes

Levels and vault maps discovered:
D:1:      roderic_crossed_star, layout_rooms, ebering_ecumenical_altar_ruins,
          corexii_hall_statues_l, grunt_decor_fettered,
          grunt_decor_mini_mirrors, minmay_misc_feat_columns
D:2:      layout_basic, basic_altar, minmay_misc_feat_square,
          minmay_diced_spiral
D:3:      layout_basic, old_standard_altar, zin_purify, portal_sewer_entry_e,
          uniq_robin
D:4:      layout_loops_ring, slow_altar_2
D:5:      layout_cave_pools, serial_shops, nicolae_lakefront_shop,
          nicolae_shop_trees
D:6:      old_forge, layout_loops_corners, lemuel_round_altar,
          minmay_temple_entry_grid
D:7:      layout_rooms, kennysheep_little_box, led_xom_imps, uniq_menkaure
D:8:      layout_basic, erik_lair_dragon, chequers_ossuary_entry_cave,
          dreamdust_princess_bridge, uniq_prince_ribbit1, uniq_pikel
Temple:   nicolae_temple_bog_church

Skill      XL: |  1  2  3  4  5  6  7  8  9 10 |
---------------+-------------------------------+-----
Transmutations | 3 4 6 7 8 9 |  9.6
Poison Magic   | 1 2 3 |  3.0
Spellcasting   | 3 4 |  4.8
Fighting       | 2 3 4 |  4.0
Ice Magic      | 1 2 3 |  3.0
Unarmed Combat | 5 8 10 | 10.2
Dodging        | |  2.0
Conjurations   | |  0.1

Action                   |  1- 3 |  4- 6 |  7- 9 | 10-12 || total
-------------------------+-------+-------+-------+-------++-------
Melee: Dagger            |    76 |    46 |    18 |       ||   140
       Unarmed           |     5 |    24 |   508 |   107 ||   644
       Constrict         |    20 |    14 |     6 |       ||    40
       Tentacles         |     4 |     9 |     3 |       ||    16
       Punch             |     2 |     2 |       |       ||     4
       Kick              |     9 |    14 |       |       ||    23
       War axe           |       |       |     8 |     1 ||     9
Throw: Dart              |       |     3 |       |       ||     3
 Cast: Beastly Appendage |    16 |     9 |       |       ||    25
       Spider Form       |       |     3 |    58 |       ||    61
       Ice Form          |       |       |     6 |     7 ||    13
  Use: Scroll            |     4 |       |    10 |       ||    14
       Potion            |       |       |     1 |     2 ||     3
 Stab: Sleeping          |     2 |     6 |     6 |     1 ||    15
       Distracted        |       |       |       |     1 ||     1
Armor: Skin              |     6 |       |    59 |    21 ||    86
Dodge: Dodged            |    57 |    52 |   521 |    45 ||   675
